 Dungeon Crawl Stone Soup version 0.31-a0-193-gdfe2569204 (webtiles) character file.

Game seed: 3024327105890482499

46 qw the Shooter (level 3, -5/20 HPs)
             Began as a Deep Elf Hunter on June 24, 2023.
             Killed from afar by Natasha (7 damage)
             ... with a magic dart
             ... on level 2 of the Dungeon.
             The game lasted 00:00:31 (1127 turns).

qw the Shooter (Deep Elf Hunter)                    Turns: 1127, Time: 00:00:32

Health: -5/20      AC:  3    Str: 10    XL:     3   Next: 46%
Magic:  5/5        EV: 12    Int: 13    God:
Gold:   104        SH:  0    Dex: 18    Spells: 2/2 levels left

rFire   . . .        Y - +0 shortbow
rCold   . . .        (shield currently unavailable)
rNeg    . . .        c - +0 leather armour
rPois   .            (no helmet)
rElec   .            (no cloak)
rCorr   .            (no gloves)
SInv    .            (no boots)
Will    .....        (no amulet)
Stlth   ++           (no ring)
HPRegen 0.23/turn    (no ring)
MPRegen 0.09/turn

%: no passive effects
@: slowed, very slow
A: no striking features
a: no special abilities


You were on level 2 of the Dungeon.
You visited 1 branch of the dungeon, and saw 2 of its levels.

You collected 104 gold pieces.


   Skills:
 - Level 1.5 Fighting
 + Level 7.0 Ranged Weapons
 - Level 2.4 Dodging
 - Level 1.2 Stealth


You had 2 spell levels left.
You didn't know any spells.
Your spell library was empty.

Inventory:

Hand Weapons
 Y - a +0 shortbow (weapon)
Armour
 c - a +0 leather armour (worn)
Scrolls
 a - 2 scrolls of identify
 b - a scroll of enchant armour {unknown}
Potions
 g - a potion of might {unknown}
 h - 2 potions of lignification {unknown}
 i - a potion of cancellation {unknown}

Dungeon Overview and Level Annotations

Branches:
Dungeon (2/15)

Altars:

Annotations:
D:2 Natasha


Message History

Natasha misses you. The cerulean imp closely misses you.
You shoot an arrow.
The arrow hits Natasha but does no damage.
Natasha is lightly wounded.
Natasha barely misses you. The cerulean imp barely misses you.
You shoot an arrow. The arrow hits Natasha!
Natasha is heavily wounded.
Natasha closely misses you. The cerulean imp barely misses you.
You shoot an arrow. The arrow barely misses Natasha.
Natasha closely misses you.
The cerulean imp hits you from afar with a +1 spear.
You shoot an arrow.
The arrow hits Natasha but does no damage.
Natasha is heavily wounded.
Natasha claws you but does no damage. The cerulean imp closely misses you.
You shoot an arrow. The arrow hits Natasha.
Natasha is almost dead.
Natasha stares at you and mumbles some strange words.
You feel yourself slow down.
The cerulean imp hits you from afar with a +1 spear.
You shoot an arrow.
The arrow hits Natasha but does no damage.
Natasha is almost dead.
Natasha claws you. The cerulean imp misses you.
Natasha claws you but does no damage. The cerulean imp closely misses you.
You shoot an arrow. The arrow closely misses Natasha.
Natasha casts a spell at you. You resist with some effort.
The cerulean imp hits you from afar with a +1 spear.
Natasha misses you.
The cerulean imp hits you but does no damage.
You shoot an arrow. The arrow hits Natasha.
Natasha is almost dead.
Natasha claws you but does no damage. The cerulean imp misses you.
You shoot an arrow. The arrow barely misses Natasha.
Natasha claws you!
The cerulean imp hits you from afar with a +1 spear.
Natasha stares at you and mumbles some strange words.
The magic dart hits you!
You die...

#####.#.......
#.########
###.### #...
#.....# #...
#.....# #...
#.....# #[..
#.....# ####
#########.....#
#.h@.........)#
#..5#######.....#
#... ####### #...
###5 #. #. #.


You could see Natasha and a cerulean imp (summoned).

Vanquished Creatures
  An adder (D:2)
  2 dart slugs (D:1)
  2 endoplasms
  2 giant cockroaches
  5 goblins
  5 hobgoblins (D:1)
  5 jackals
  2 quokkas (D:1)
  A ball python (D:1)
  A bat (D:1)
  A rat (D:1)
27 creatures vanquished.

Notes
Turn   | Place    | Note
-------+----------+-------------------------------------------
     0 | D:1      | qw the Deep Elf Hunter began the quest for the Orb.
     0 | D:1      | Reached XP level 1. HP: 12/12 MP: 3/3
     0 | D:1      | 0 ||| qw: Version: 0.3-a-9-g12657ce
     0 | D:1      | 0 ||| qw: Game counter: 4646
     0 | D:1      | 0 ||| qw: Always use a shield: true
     0 | D:1      | 0 ||| qw: God list: Okawaru
     0 | D:1      | 0 ||| qw: Allow faded altars: false
     0 | D:1      | 0 ||| qw: Do Orc after D:15 true
     0 | D:1      | 0 ||| qw: Do second Lair branch before Depths: true
     0 | D:1      | 0 ||| qw: Lair rune preference: random
     0 | D:1      | 0 ||| qw: Plans: Normal
     0 | D:1      | 0 ||| PLANNING D:1-11
   122 | D:1      | Found a faded altar of an unknown god.
   197 | D:1      | Reached XP level 2. HP: 16/16 MP: 4/4
   226 | D:1      | Reached skill level 6 in Ranged Weapons
   242 | D:1      | HP: 4/16 [hobgoblin (1)]
   816 | D:1      | 816 ||| READING 3 scrolls labelled BIMMOS TUOPA.
   817 | D:1      | 817 ||| READING scroll labelled XOETSUTWACS.
   818 | D:1      | 818 ||| READING scroll labelled NYNUTI QESYRO.
   819 | D:1      | 819 ||| READING 2 scrolls of identify.
   819 | D:1      | 819 ||| IDENTIFYING metallic sapphire potion
   820 | D:1      | 820 ||| DROPPING scroll of butterflies.
   822 | D:1      | 822 ||| Stepping ~*~*~tactically~*~*~ (cloud).
   823 | D:1      | 823 ||| DRINKING potion of curing.
   823 | D:1      | 823 ||| (to cure poison)
   878 | D:2      | Reached XP level 3. HP: 20/20 MP: 5/5
  1006 | D:2      | Reached skill level 7 in Ranged Weapons
  1033 | D:2      | 1033 ||| FLEEEEING.
  1034 | D:2      | 1034 ||| FLEEEEING.
  1035 | D:2      | 1035 ||| FLEEEEING.
  1036 | D:2      | 1036 ||| FLEEEEING.
  1037 | D:2      | 1037 ||| FLEEEEING.
  1038 | D:2      | 1038 ||| FLEEEEING.
  1039 | D:2      | 1039 ||| FLEEEEING.
  1040 | D:2      | 1040 ||| FLEEEEING.
  1041 | D:2      | 1041 ||| FLEEEEING.
  1042 | D:2      | 1042 ||| FLEEEEING.
  1043 | D:2      | 1043 ||| FLEEEEING.
  1044 | D:2      | 1044 ||| FLEEEEING.
  1045 | D:2      | 1045 ||| FLEEEEING.
  1046 | D:2      | 1046 ||| FLEEEEING.
  1050 | D:2      | 1050 ||| FLEEEEING.
  1051 | D:2      | 1051 ||| FLEEEEING.
  1052 | D:2      | 1052 ||| FLEEEEING.
  1111 | D:2      | Noticed Natasha
  1114 | D:2      | 1114 ||| Stepping ~*~*~tactically~*~*~ (outnumbered).
  1116 | D:2      | 1116 ||| Stepping ~*~*~tactically~*~*~ (outnumbered).
  1127 | D:2      | HP: 4/20 [Natasha (7)]
  1127 | D:2      | Killed from afar by Natasha

Levels and vault maps discovered:
D:1:      roderic_dead_forest, layout_basic, ebering_ecumenical_altar_ruins
D:2:      layout_basic, basic_altar, uniq_natasha

Skill      XL: |  1  2  3 |
---------------+----------+-----
Ranged Weapons | 6 7 |  7.0
Fighting       | |  1.5
Dodging        | |  2.4
Stealth        | |  1.2

Action                     || total
---------------------------++-------
   Fire: Shortbow          ||    98
    Use: Scroll            ||     4
         Potion            ||     1
 Armour: Leather armour    ||    28
  Dodge: Dodged            ||    58

Table legend:
 A = Non-vault XP
 B = Vault XP
 C = Vault XP percentage of total XP
 D = Non-vault monster count
 E = Vault monster count
 F = Vault count percentage of total count
                 A         B        C        D         E       F
            +---------+---------+-------+---------+---------+-------
      Total |      67 |       0 |   0.0 |      27 |       0 |   0.0
            +---------+---------+-------+---------+---------+-------
        D:1 |      39 |       0 |   0.0 |      19 |       0 |   0.0
        D:2 |      28 |       0 |   0.0 |       8 |       0 |   0.0
            +---------+---------+-------+---------+---------+-------
